 Dungeon Crawl Stone Soup version 0.29-a0-451-gfbfa42419e (webtiles) character file.

Game seed: 887297802192464995

10525 marklar909 the Basher (level 11, -14/96 HPs)
             Began as a Palentonga Abyssal Knight on May 20, 2022.
             Was an Elder of Lugonu.
             Demolished by a very large slime creature (50 damage)
             ... on level 11 of the Dungeon.
             The game lasted 00:42:45 (16694 turns).

marklar909 the Basher (Palentonga Abyssal Knight)  Turns: 16694, Time: 00:42:46

Health: -14/96     AC: 28    Str: 20    XL:     11   Next: 37%
Magic:  16/16      EV:  5    Int: 11    God:    Lugonu [****..]
Gold:   388        SH:  0    Dex: 11    Spells: 10/10 levels left

rFire   + . .      SeeInvis +   j - +3 dire flail
rCold   . . .      Faith    .   (shield currently unavailable)
rNeg    . . .      Spirit   .   E - +3 chain mail {rF+}
rPois   .          Reflect  .   (no helmet)
rElec   .          Harm     .   z - scarf {repulsion}
rCorr   .          Rampage  .   (no gloves)
Will    +....                   x - +4 barding {ponderous}
Stlth   ..........              (no amulet)
HPRegen 0.26/turn               c - ring of willpower
MPRegen 0.15/turn               (no ring)

@: repel missiles, curled up, slow
A: large, rugged brown scales 3, see invisible, deformed body, roll 1, armoured
tail, reflexive curl
a: Rolling Charge, Renounce Religion, Depart the Abyss, Bend Space, Banish,
Corrupt


You were on level 11 of the Dungeon.
You worshipped Lugonu.
Lugonu was greatly pleased with you.
You visited 3 branches of the dungeon, and saw 13 of its levels.
You visited the Abyss 1 time.

You collected 458 gold pieces.
You spent 70 gold pieces at shops.

Inventory:

Hand Weapons
 g - a +2 hand axe of freezing
 j - a +3 dire flail (weapon)
 B - a +2 mace of freezing
Missiles
 m - 2 throwing nets
Armour
 x - a +4 barding of ponderousness (worn)
 z - a scarf of repulsion (worn)
 A - a scarf of resistance
 E - a +3 chain mail of fire resistance (worn)
 F - an orb of energy
Jewellery
 c - a ring of willpower (left hand)
Wands
 v - a wand of acid (5)
 y - a wand of digging (6)
 D - a wand of iceblast (8)
Scrolls
 b - a scroll of magic mapping
 h - 5 scrolls of teleportation
 l - 2 scrolls of amnesia
 o - a scroll of enchant armour
 s - a scroll of summoning
 u - a scroll of enchant weapon
 w - 5 scrolls of fog
 G - a scroll of identify
Potions
 a - 2 potions of magic
 d - 2 potions of curing
 e - 4 potions of brilliance
 f - a potion of berserk rage
 i - 3 potions of might
 k - 2 potions of ambrosia {unknown}
 n - 2 potions of flight
 p - a potion of haste
 q - a potion of lignification {unknown}
 r - 2 potions of mutation
 t - a potion of attraction {unknown}
 C - a potion of heal wounds


   Skills:
 * Level 9.6 Fighting
 + Level 10.7 Maces & Flails
 + Level 6.8 Armour
 + Level 4.1 Dodging
 + Level 1.2 Stealth
 + Level 7.4 Invocations


You had 10 spell levels left.
You didn't know any spells.
Your spell library contained the following spells:

 Spells                   Type           Power      Damage    Failure   Level
 Beastly Appendage        Tmut           0%         N/A       97%         1
 Magic Dart               Conj           0%         1d3       97%         1
 Call Imp                 Summ           0%         N/A       99%         2
 Wereblood                Tmut           0%         N/A       99%         2
 Conjure Flame            Conj/Fire      0%         6-21      100%        3
 Gell's Gravitas          Tloc           0%         N/A       100%        3
 Ignite Poison            Fire/Tmut/Pois 0%         N/A       100%        3
 Mephitic Cloud           Conj/Pois/Air  0%         N/A       100%        3
 Spider Form              Tmut/Pois      0%         N/A       100%        3
 Stone Arrow              Conj/Erth      0%         3d7       100%        3
 Teleport Other           Tloc           0%         N/A       100%        3
 Animate Armour           Summ/Erth      0%         N/A       100%        4
 Sticky Flame             Conj/Fire      0%         2d3       100%        4
 Dispersal                Tloc           0%         N/A       100%        6
 Lehudib's Crystal Spear  Conj/Erth      0%         10d2      100%        8


Dungeon Overview and Level Annotations

Branches:
Dungeon (11/15)            Temple (1/1) D:7            Lair (1/6) D:10
    Orc: D:9-12

Altars:
Ashenzari
Dithmenos
Elyvilon
Gozag
Kikubaaqudgha
Okawaru
Qazlal
Ru
Uskayaw
Vehumet
Wu Jian
Xom

Shops:
D:5 !

Annotations:
D:10 3 runed translucent doors, hquester's ghost, journeyman DsAK
Abyss:1 Prince Ribbit


Innate Abilities, Weirdness & Mutations

You are completely covered in rugged brown scales. (AC +3, +7% HP)
You have supernaturally acute eyesight. (SInv)
Armour fits poorly on your strangely shaped body.
You can roll at nearby foes to attack.
You have a long armoured tail.
You curl defensively after being hit. (AC +7*)


Message History

You impale the slime creature!! You tail-slap the slime creature.
The slime creature is almost dead.
The slime creature hits you but does no damage.
You puncture the slime creature!
You kill the slime creature!
Lugonu accepts your kill. The slime creature hits you.
You puncture the slime creature!
The slime creature is moderately wounded.
The slime creature hits you!
The slime creature hits you but does no damage.
You puncture the slime creature!
The slime creature is heavily wounded.
The slime creature hits you. The slime creature barely misses you.
You barely miss the slime creature.
The slime creature is heavily wounded.
You hit the slime creature.
The slime creature is heavily wounded.
The slime creature hits you but does no damage. x2
The slime creature closely misses you.
You hit the slime creature. You tail-slap the slime creature!
The slime creature is severely wounded.
The slime creature hits you.
The slime creature hits you but does no damage.
The slime creature hits you!
You are too injured to fight recklessly!
The slime creature attacks as you move away!
The slime creature hits you.
The slime creature attacks as you move away!
The slime creature hits you.
Two slime creatures merge to form a large slime creature.
Two slime creatures merge to form a very large slime creature.
You barely miss the very large slime creature.
The very large slime creature is moderately wounded.
You barely miss the very large slime creature.
You tail-slap the very large slime creature!
The very large slime creature is moderately wounded.
The very large slime creature hits you!!!
Ouch! That really hurt!
You die...

##..##.#. .. ##..........#
.....#.##########......###.##
.....#.........###......#...#
....########.######..##.<..##
....###.#.............#..###
......##.........#....##.#
.....#####<###..###.####.##
####..####..#...########..#
...#............@#J...##.##.
##.#....#.#.....#J..........
.#.###...................##
.#.####.#.#.................
#..##.....^...#####.#######.
..###.........# #.#
..............# #.#
#.............# #.#
#.............### #.#


You could see a very large slime creature.

Vanquished Creatures
  A hydra (D:11)
  Urug (D:10)
  Pikel (D:7)
  A manticore (D:11)
  Joseph (D:7)
  The ghost of HendSelp the Poker, a novice HuFi (D:3)
  A cane toad (Lair:1)
  7 slime creatures (D:11)
  A basilisk (D:9)
  A wraith (D:10)
  3 wyverns (D:9)
  8 yaks
  2 acid dragons
  5 water moccasins
  An orc warrior (D:9)
  2 sky beasts
  A black bear (D:4)
  2 ice beasts (D:5)
  4 ogres (D:5)
  8 centaurs
  4 lemures (D:6)
  A kobold brigand (D:8)
  4 bullfrogs
  2 necrophages
  3 scorpions
  A gnoll sergeant (D:5)
  9 wights
  3 killer bees (D:10)
  2 howler monkeys
  An orc priest (D:6)
  5 hounds
  6 iguanas
  3 orc wizards
  8 adders
  12 gnolls
  2 shadow imps
  3 white imps
  2 worms
  5 dart slugs
  22 orcs
  3 bats (D:3)
  4 endoplasms
  4 giant cockroaches
  5 goblins
  3 hobgoblins
  4 jackals (D:5)
  3 kobolds
  3 quokkas
  7 ball pythons
  2 frilled lizards
  5 rats
193 creatures vanquished.

Vanquished Creatures (others)
  4 plants
4 creatures vanquished.

Grand Total: 197 creatures vanquished

Notes
Turn   | Place    | Note
-------+----------+-------------------------------------------
     0 | Abyss:1  | marklar909 the Palentonga Abyssal Knight began the quest
                  | for the Orb.
     0 | Abyss:1  | Reached XP level 1. HP: 19/19 MP: 2/2
    45 | Abyss:1  | Noticed a chaos spawn
    72 | Abyss:1  | Noticed a lich
    73 | D:1      | Escaped the Abyss
   555 | D:1      | Reached XP level 2. HP: 16/25 MP: 3/3
  1329 | D:2      | Reached ** piety under Lugonu
  1612 | D:2      | Found a faded altar of an unknown god.
  1832 | D:2      | You fall into a shaft and drop 1 floor!
  1863 | D:3      | Found a runed translucent door.
  1901 | D:3      | Reached XP level 3. HP: 32/32 MP: 4/4
  2065 | D:3      | Noticed HendSelp's ghost (novice HuFi)
  2426 | D:3      | Reached XP level 4. HP: 32/39 MP: 5/5
  3124 | D:4      | Reached skill level 3 in Maces & Flails
  3124 | D:4      | Reached skill level 1 in Dodging
  3167 | D:4      | Reached XP level 5. HP: 31/44 MP: 7/7
  3655 | D:4      | Noticed a black bear
  3659 | D:4      | Killed a black bear
  3660 | D:4      | Reached skill level 4 in Maces & Flails
  3660 | D:4      | Reached XP level 6. HP: 36/52 MP: 6/8
  4186 | D:5      | Entered Level 5 of the Dungeon
  4232 | D:5      | Reached *** piety under Lugonu
  4250 | D:5      | Gained mutation: You curl defensively after being hit. (AC
                  | +7*) [Palentonga growth]
  4250 | D:5      | Reached XP level 7. HP: 33/58 MP: 7/9
  4787 | D:5      | Reached skill level 5 in Maces & Flails
  5463 | D:5      | Reached skill level 5 in Fighting
  7061 | D:5      | Found Ulim's Distillery.
  7068 | D:5      | Bought a potion of heal wounds for 70 gold pieces
  7213 | D:5      | Reached XP level 8. HP: 44/67 MP: 7/11
  7444 | D:5      | Reached skill level 5 in Invocations
  8742 | D:6      | Found an ornate altar of the Wu Jian Council.
  9138 | D:6      | Reached skill level 6 in Maces & Flails
  9667 | D:7      | Reached XP level 9. HP: 71/73 MP: 11/13
  9689 | D:7      | Noticed Joseph
  9689 | D:7      | Noticed Pikel
 10263 | D:7      | Killed Pikel
 10264 | D:7      | Reached skill level 7 in Maces & Flails
 10274 | D:7      | Found a staircase to the Ecumenical Temple.
 10284 | D:7      | Noticed Prince Ribbit
 10287 | D:7      | Banished Prince Ribbit
 10288 | D:7      | Reached skill level 5 in Armour
 10292 | Temple   | Entered the Ecumenical Temple
 10797 | D:7      | Killed Joseph
 11045 | D:7      | Found an ancient bone altar of Kikubaaqudgha.
 11097 | D:7      | Found a hide-covered altar of Uskayaw.
 11555 | D:7      | Reached XP level 10. HP: 41/78 MP: 15/15
 11944 | D:7      | Found a shadowy altar of Dithmenos.
 12017 | D:8      | Reached skill level 8 in Maces & Flails
 12017 | D:8      | Reached skill level 1 in Stealth
 12546 | D:8      | Reached **** piety under Lugonu
 12929 | D:9      | Reached skill level 9 in Maces & Flails
 13661 | D:10     | Entered Level 10 of the Dungeon
 13687 | D:10     | Noticed Urug
 13697 | D:10     | Killed Urug
 14121 | D:10     | Noticed hquester's ghost (journeyman DsAK)
 14121 | D:10     | Noticed a 12-headed hydra
 14122 | D:10     | Found a runed translucent gate.
 14123 | D:10     | Found a runed translucent gate.
 14123 | D:10     | Found a runed translucent gate.
 14145 | D:10     | Found a staircase to the Lair.
 14641 | D:3      | Killed HendSelp's ghost
 14819 | Lair:1   | Entered Level 1 of the Lair of Beasts
 14915 | Lair:1   | Noticed a cane toad
 14923 | Lair:1   | Killed a cane toad
 14924 | Lair:1   | Reached skill level 10 in Maces & Flails
 15013 | Lair:1   | Reached XP level 11. HP: 53/93 MP: 16/16
 15951 | D:11     | Noticed a five-headed hydra
 15964 | D:11     | Killed a five-headed hydra
 16694 | D:11     | Demolished by a very large slime creature

Illustrated notes

Levels and vault maps discovered:
D:1:      lemuel_arrival_tunnels, layout_basic, serial_bayou_lake_a
D:2:      layout_basic, shapermc_ecumenical_altar_flowoftime, solitary_fountain,
          chequers_hall_statues_corner_a
D:3:      minmay_wonky_spiral, layout_basic, gammafunk_ghost_grave
D:4:      minmay_diamond_boxcup, layout_cave_pools, minivault_4
D:5:      nicolae_cairo_tiling_large_dashed, layout_loops_ring, serial_shops,
          kennysheep_mini_moat
D:6:      layout_loops_ring, overflow_temple_1_default
D:7:      layout_rooms, eat_drink_and_be_merry_uskayaw,
          nicolae_dithmenos_through_a_glass_darkly, kiku_gazebo_pond_becter,
          minmay_temple_entry_tees, uniq_joseph, uniq_pikel, uniq_prince_ribbit1
D:8:      layout_rooms, eino_small_chamber_without_monster,
          dreamdust_deal_with_the_devil
D:9:      layout_gridville, chequers_serial_rivers_micro_d
D:10:     layout_roguey, lair_entry_dummy, gammafunk_ghost_hydra_chop, uniq_urug
D:11:     layout_cave_pools, erik_orc_1, serial_co_window_serial,
          co_window_paths_b, co_window_corner_a, co_window_cross_1,
          co_window_corner_a, co_window_paths_b, co_window_corner_a,
          co_window_corner_a, co_window_corner_b, co_window_broadway_a,
          co_window_2corner, co_window_2corner, co_window_4corner_a,
          co_window_paths_d, glass_columns_a, glass_columns_c,
          trove_entry_hex_spiral
Temple:   mainiacjoe_temple_coin_purse
Lair:1:   layout_regular_city, enter_volcano_2, ebering_ghost_inner_flame,
          grunt_megastairs_5, infiniplex_staircase_pool_2, lemuel_fruit_tree,
          serial_bayou_shore_b

Skill      XL: |  1  2  3  4  5  6  7  8  9 10 11 |
---------------+----------------------------------+-----
Fighting       | 4 5 6 7 8 9 |  9.6
Armour         | 2 3 4 5 6 |  6.8
Maces & Flails | 3 4 5 6 7 10 | 10.7
Dodging        | 1 3 4 |  4.1
Invocations    | 3 4 6 7 |  7.4
Stealth        | 1 |  1.2

Action                   |  1- 3 |  4- 6 |  7- 9 | 10-12 || total
-------------------------+-------+-------+-------+-------++-------
Melee: Mace              |    78 |   118 |    93 |       ||   289
       Tailslap          |    11 |    11 |    55 |    54 ||   131
       Morningstar       |       |       |    78 |       ||    78
       Dire flail        |       |       |   143 |   245 ||   388
       Punch             |       |       |     1 |       ||     1
Invok: Depart the Abyss  |     1 |       |       |       ||     1
       Bend Space        |     2 |     8 |    93 |     9 ||   112
       Banish            |       |       |     1 |       ||     1
 Abil: Rolling Charge    |    19 |    21 |    96 |    29 ||   165
  Use: Scroll            |       |    10 |     8 |     3 ||    21
       Potion            |       |       |     2 |     1 ||     3
Armor: Leather armour    |    15 |       |       |       ||    15
       Scale mail        |    18 |    58 |   149 |    63 ||   288
       Chain mail        |       |       |       |    80 ||    80
Dodge: Dodged            |    21 |    61 |   145 |    69 ||   296
       Repelled          |       |       |       |     1 ||     1

Table legend: (Time is in decaauts)
 A = Elapsed time spent in this place.
 B = Non-inter-level travel time spent in this place.
 C = Inter-level travel time spent in this place.
 D = Time resting spent in this place.
 E = Time spent auto-exploring this place.
 F = Levels seen in this place.
 G = Mean time per level.
                   A        B        C        D        E       F      G
               +--------+--------+--------+--------+--------+-----+--------+
         Total |  17035 |  15321 |   1714 |   5690 |   7469 |  14 | 1216.8 |
       Dungeon |  16150 |  14462 |   1688 |   5137 |   7323 |  11 | 1468.2 |
        Temple |    496 |    485 |     11 |    465 |      1 |   1 |  496.0 |
          Lair |    316 |    301 |     15 |     88 |    145 |   1 |  316.0 |
         Abyss |     73 |     73 |      0 |      0 |      0 |   1 |   73.0 |
               +--------+--------+--------+--------+--------+-----+--------+

Top non-repeatable levels by time:
     D:5: 2951 daAuts
     D:4: 2673 daAuts
     D:6: 1763 daAuts
    D:10: 1421 daAuts
     D:3: 1315 daAuts
     D:7: 1280 daAuts
     D:1: 1268 daAuts
     D:9: 1207 daAuts
    D:11: 990 daAuts
     D:8: 755 daAuts
     D:2: 523 daAuts
  Temple: 496 daAuts
  Lair:1: 316 daAuts
 Abyss:1: 73 daAuts
